TOP OF THE 1ST |
Calgary Cowboys batting - Pitching for Albuquerque Isotopes : RHP Francisco Álvarez
|
Pitching: RHP Francisco Álvarez
|
|
Batting: RHB César Rodríguez
|
0-0: Ball 1-0: Swinging Strike 1-1: Swinging Strike 1-2: Ball 2-2: Ball 3-2: Fly out, F7 (Flyball, 7S)
|
Batting: LHB Del Kennedy
|
0-0: SINGLE (Groundball, 2R) (infield hit)
|
Batting: RHB Tom Rowe
|
0-0: Called Strike 0-1: Foul Ball, location: 2F 0-2: Foul Ball, location: 2F 0-2: Fly out, F9 (Flyball, 9LMF)
|
Batting: RHB Travis Colbert
|
0-0: Called Strike 0-1: Swinging Strike Balk! Del Kennedy to second 0-2: Strikes out swinging
|
Top of the 1st over - 0 run(s), 1 hit(s), 0 error(s), 1 left on base; Calgary 0 - Albuquerque 0 |
BOTTOM OF THE 1ST |
Albuquerque Isotopes batting - Pitching for Calgary Cowboys : RHP Ron Chapman
|
Pitching: RHP Ron Chapman
|
|
Batting: RHB Gonzalo Gil
|
0-0: Fly out, F8 (Flyball, 8RM)
|
Batting: LHB José González
|
0-0: Ground out 4-3 (Groundball, 4)
|
Batting: RHB Nick Harris
|
0-0: Ball 1-0: Called Strike 1-1: Ball 2-1: Ball 3-1: Swinging Strike 3-2: Foul Ball, location: 2F 3-2: Base on Balls
|
Batting: LHB Bernardo Montés
|
0-0: Ball 1-0: Called Strike Nick Harris is caught stealing 2nd base
|
Bottom of the 1st over - 0 run(s), 0 hit(s), 0 error(s), 0 left on base; Calgary 0 - Albuquerque 0 |
TOP OF THE 2ND |
Calgary Cowboys batting - Pitching for Albuquerque Isotopes : RHP Francisco Álvarez
|
Batting: LHB Miguel Pérez
|
0-0: Ground out U3 (Groundball, 3L)
|
Batting: RHB Jorge Balencia
|
0-0: Fly out, F7 (Flyball, 7)
|
Batting: LHB Freddy Herrera
|
0-0: Called Strike 0-1: Ball 1-1: Called Strike 1-2: Fly out, F8 (Flyball, 8LM)
|
Top of the 2nd over - 0 run(s), 0 hit(s), 0 error(s), 0 left on base; Calgary 0 - Albuquerque 0 |
BOTTOM OF THE 2ND |
Albuquerque Isotopes batting - Pitching for Calgary Cowboys : RHP Ron Chapman
|
Batting: LHB Bernardo Montés
|
0-0: Swinging Strike 0-1: Fly out, F8 (Flyball, 8RD)
|
Batting: LHB Fernando Ortíz
|
0-0: Ball 1-0: Ball 2-0: Ball 3-0: Base on Balls
|
Batting: RHB Brett Bell
|
0-0: Swinging Strike 0-1: Ball 1-1: Foul Ball, location: 2F 1-2: Foul Ball, location: 2F 1-2: Foul Ball, location: 2F 1-2: Ball 2-2: Ball 3-2: SINGLE (Groundball, 56D) Fernando Ortíz to second Fernando Ortíz to third
|
Batting: RHB Jesse McKnight
|
0-0: Ball 1-0: Foul Ball, location: 2F 1-1: Foul Ball, location: 2F 1-2: Foul Ball, location: 2F 1-2: Ball 2-2: Strikes out swinging
|
Batting: LHB Pedro Cruz
|
0-0: SINGLE (Groundball, 56D) Fernando Ortíz scores Brett Bell to second
|
Batting: RHB Dave Mullen
|
0-0: 3-RUN HOME RUN (Flyball, 7D), Distance : 367 ft
|
Batting: RHB Gonzalo Gil
|
0-0: Ball 1-0: Ball 2-0: Called Strike 2-1: Called Strike 2-2: Ball 3-2: Fly out, F5 (Popup, 5S)
|
Bottom of the 2nd over - 4 run(s), 3 hit(s), 0 error(s), 0 left on base; Calgary 0 - Albuquerque 4 |
TOP OF THE 3RD |
Calgary Cowboys batting - Pitching for Albuquerque Isotopes : RHP Francisco Álvarez
|
Batting: RHB Shayne Burry
|
0-0: Called Strike 0-1: Ball 1-1: Swinging Strike 1-2: Strikes out looking
|
Batting: RHB Mario Sánchez
|
0-0: Ball 1-0: Ball 2-0: Called Strike 2-1: Ground out 6-3 (Groundball, 56)
|
Batting: RHB César Rodríguez
|
0-0: Ball 1-0: Ball 2-0: Reached via error on a dropped throw, E3
|
Batting: LHB Del Kennedy
|
0-0: Foul Ball, location: 2F 0-1: Ball 1-1: Ball 2-1: Called Strike 2-2: Ball 3-2: Foul Ball, location: 2F 3-2: Ground out 4-3 (Groundball, 4)
|
Top of the 3rd over - 0 run(s), 0 hit(s), 1 error(s), 1 left on base; Calgary 0 - Albuquerque 4 |
BOTTOM OF THE 3RD |
Albuquerque Isotopes batting - Pitching for Calgary Cowboys : RHP Ron Chapman
|
Batting: LHB José González
|
0-0: Ball 1-0: Ball 2-0: Ball 3-0: Called Strike 3-1: Base on Balls
|
Batting: RHB Nick Harris
|
0-0: Ball 1-0: Foul Ball, location: 2F 1-1: Ball 2-1: Ball 3-1: Base on Balls José González to second
|
Batting: LHB Bernardo Montés
|
0-0: Called Strike 0-1: SINGLE (Groundball, 4MD) José González to third Nick Harris to second
|
Batting: LHB Fernando Ortíz
|
0-0: SINGLE (Flyball, 8LS) José González scores Nick Harris to third Bernardo Montés to second
|
Batting: RHB Brett Bell
|
0-0: Called Strike 0-1: Grounds into double play, 5-4-3 (Groundball, 5) Nick Harris scores Bernardo Montés to third
|
Pitching: RHP William Bryant
|
|
Batting: RHB Jesse McKnight
|
0-0: Ball 1-0: Called Strike 1-1: Ball 2-1: Called Strike 2-2: Ball 3-2: 2-RUN HOME RUN (Flyball, 9D), Distance : 387 ft
|
Batting: LHB Pedro Cruz
|
0-0: SINGLE (Line Drive, 6D)
|
Batting: RHB Dave Mullen
|
0-0: Ball 1-0: SINGLE (Groundball, 6D) Pedro Cruz to second
|
Batting: RHB Gonzalo Gil
|
0-0: Ball 1-0: Called Strike 1-1: Swinging Strike 1-2: Fly out, F5 (Line Drive, 5S)
|
Bottom of the 3rd over - 4 run(s), 5 hit(s), 0 error(s), 2 left on base; Calgary 0 - Albuquerque 8 |
TOP OF THE 4TH |
Calgary Cowboys batting - Pitching for Albuquerque Isotopes : RHP Francisco Álvarez
|
Batting: RHB Tom Rowe
|
0-0: Ground out 5-3 (Groundball, 56)
|
Batting: RHB Travis Colbert
|
0-0: Ball 1-0: Foul Ball, location: 2F 1-1: Foul Ball, location: 2F 1-2: Foul Ball, location: 2F 1-2: Strikes out swinging
|
Batting: LHB Miguel Pérez
|
0-0: Ball 1-0: Called Strike 1-1: Fly out, F3 (Line Drive, 3)
|
Top of the 4th over - 0 run(s), 0 hit(s), 0 error(s), 0 left on base; Calgary 0 - Albuquerque 8 |
BOTTOM OF THE 4TH |
Albuquerque Isotopes batting - Pitching for Calgary Cowboys : RHP William Bryant
|
Batting: LHB José González
|
0-0: Ground out U3 (Groundball, 34)
|
Batting: RHB Nick Harris
|
0-0: Ball 1-0: Foul Ball, location: 2F 1-1: Ground out 5-3 (Groundball, 56S)
|
Batting: LHB Bernardo Montés
|
0-0: Ball 1-0: SOLO HOME RUN (Flyball, 89XD), Distance : 391 ft
|
Batting: LHB Fernando Ortíz
|
0-0: Foul Ball, location: 2F 0-1: Called Strike 0-2: Ball 1-2: Ball 2-2: DOUBLE (Line Drive, 89M)
|
Batting: RHB Brett Bell
|
0-0: Called Strike 0-1: Ground out 5-3 (Groundball, 56S)
|
Bottom of the 4th over - 1 run(s), 2 hit(s), 0 error(s), 1 left on base; Calgary 0 - Albuquerque 9 |
TOP OF THE 5TH |
Calgary Cowboys batting - Pitching for Albuquerque Isotopes : RHP Francisco Álvarez
|
Batting: RHB Jorge Balencia
|
0-0: Called Strike 0-1: Ball 1-1: Ball 2-1: Foul Ball, location: 2F 2-2: Foul Ball, location: 2F 2-2: Ball 3-2: Strikes out looking
|
Batting: LHB Freddy Herrera
|
0-0: Ball 1-0: Ball 2-0: Ball 3-0: Base on Balls
|
Batting: RHB Shayne Burry
|
0-0: Called Strike 0-1: Ball 1-1: Ball 2-1: Grounds into double play, 6-4-3 (Groundball, 6)
|
Top of the 5th over - 0 run(s), 0 hit(s), 0 error(s), 0 left on base; Calgary 0 - Albuquerque 9 |
BOTTOM OF THE 5TH |
Albuquerque Isotopes batting - Pitching for Calgary Cowboys : RHP William Bryant
|
Batting: RHB Jesse McKnight
|
0-0: Called Strike 0-1: Called Strike 0-2: Ball 1-2: Ball 2-2: Ball 3-2: Strikes out looking
|
Batting: LHB Pedro Cruz
|
0-0: Ball 1-0: Foul Ball, location: 2F 1-1: Ground out 4-3 (Groundball, 4)
|
Batting: RHB Dave Mullen
|
0-0: Called Strike 0-1: Ball 1-1: Called Strike 1-2: Foul Ball, location: 2F 1-2: Foul Ball, location: 2F 1-2: Fly out, F8 (Flyball, 8LS)
|
Bottom of the 5th over - 0 run(s), 0 hit(s), 0 error(s), 0 left on base; Calgary 0 - Albuquerque 9 |
TOP OF THE 6TH |
Calgary Cowboys batting - Pitching for Albuquerque Isotopes : RHP Francisco Álvarez
|
Batting: RHB Mario Sánchez
|
0-0: Called Strike 0-1: Ball 1-1: Foul Ball, location: 2F 1-2: Strikes out swinging
|
Batting: RHB César Rodríguez
|
0-0: Ball 1-0: Ball 2-0: SINGLE (Flyball, 78S)
|
Batting: LHB Del Kennedy
|
0-0: Called Strike 0-1: SINGLE (Flyball, 8LS) César Rodríguez to second
|
Batting: RHB Tom Rowe
|
0-0: Called Strike 0-1: Foul Ball, location: 2F 0-2: Fly out, F7 (Flyball, 7S)
|
Batting: RHB Travis Colbert
|
0-0: Foul Ball, location: 2F 0-1: Ball 1-1: Ground out 1-3 (Groundball, P)
|
Top of the 6th over - 0 run(s), 2 hit(s), 0 error(s), 2 left on base; Calgary 0 - Albuquerque 9 |
BOTTOM OF THE 6TH |
Albuquerque Isotopes batting - Pitching for Calgary Cowboys : RHP William Bryant
|
Batting: RHB Gonzalo Gil
|
0-0: Ball 1-0: Swinging Strike 1-1: Ball 2-1: Swinging Strike 2-2: Ball 3-2: Base on Balls
|
Batting: LHB José González
|
0-0: Ball Gonzalo Gil steals 2nd base 1-0: Ball 2-0: Ball 3-0: Base on Balls
|
Batting: RHB Nick Harris
|
0-0: Ball 1-0: Grounds into double play, 6-4-3 (Groundball, 6) Gonzalo Gil to third
|
Batting: LHB Bernardo Montés
|
0-0: Ball 1-0: Foul Ball, location: 2F 1-1: Foul Ball, location: 2F 1-2: Foul Ball, location: 2F 1-2: Foul Ball, location: 2F 1-2: Ball 2-2: Foul Ball, location: 2F 2-2: Ball 3-2: Base on Balls
|
Batting: LHB Fernando Ortíz
|
0-0: Ball 1-0: Foul Ball, location: 2F 1-1: Ball 2-1: Swinging Strike 2-2: SINGLE (Groundball, 4) (infield hit) Gonzalo Gil scores Bernardo Montés to second
|
Pitching: LHP Takayuki Ine
|
|
Batting: RHB Brett Bell
|
0-0: Ball 1-0: Foul Ball, location: 2F 1-1: Fly out, F9 (Line Drive, 89M)
|
Bottom of the 6th over - 1 run(s), 1 hit(s), 0 error(s), 2 left on base; Calgary 0 - Albuquerque 10 |
TOP OF THE 7TH |
Calgary Cowboys batting - Pitching for Albuquerque Isotopes : RHP Francisco Álvarez
|
Batting: LHB Miguel Pérez
|
0-0: Ball 1-0: Foul Ball, location: 2F 1-1: Ball 2-1: Foul Ball, location: 2F 2-2: Strikes out swinging
|
Batting: RHB Jorge Balencia
|
0-0: Ball 1-0: Swinging Strike 1-1: Ball 2-1: Foul Ball, location: 2F 2-2: Foul Ball, location: 2F 2-2: Strikes out swinging
|
Batting: LHB Freddy Herrera
|
0-0: Ball 1-0: Ball 2-0: SINGLE (Line Drive, 89S)
|
Batting: RHB Shayne Burry
|
0-0: Ball 1-0: Ball 2-0: Called Strike 2-1: Ground out 6-3 (Groundball, 6)
|
Top of the 7th over - 0 run(s), 1 hit(s), 0 error(s), 1 left on base; Calgary 0 - Albuquerque 10 |
BOTTOM OF THE 7TH |
Albuquerque Isotopes batting - Pitching for Calgary Cowboys : LHP Takayuki Ine
|
Batting: RHB Jesse McKnight
|
0-0: Ball 1-0: Ball 2-0: Called Strike 2-1: Called Strike 2-2: Ball 3-2: Base on Balls
|
Batting: LHB Pedro Cruz
|
0-0: TRIPLE (Line Drive, 6MD) Jesse McKnight scores
|
Batting: RHB Dave Mullen
|
0-0: Ball 1-0: Ball 2-0: Called Strike 2-1: Called Strike 2-2: DOUBLE (Flyball, 78D) Pedro Cruz scores
|
Batting: RHB Gonzalo Gil
|
0-0: Swinging Strike 0-1: Ball 1-1: 2-RUN HOME RUN (Flyball, 8LXD), Distance : 413 ft
|
Pitching: RHP Pedro Leal
|
|
Batting: LHB José González
|
0-0: Ball 1-0: Ball 2-0: Foul Ball, location: 2F 2-1: Ball 3-1: Base on Balls
|
Batting: RHB Nick Harris
|
0-0: Ball 1-0: Called Strike 1-1: Ball 2-1: Ball 3-1: Called Strike 3-2: Base on Balls José González to second
|
Batting: LHB Bernardo Montés
|
0-0: Swinging Strike 0-1: Ball 1-1: Grounds into double play, 6-4-3 (Groundball, 6) José González to third
|
Batting: LHB Fernando Ortíz
|
0-0: Called Strike 0-1: Ball 1-1: Swinging Strike 1-2: Strikes out looking
|
Bottom of the 7th over - 4 run(s), 3 hit(s), 0 error(s), 1 left on base; Calgary 0 - Albuquerque 14 |
TOP OF THE 8TH |
Calgary Cowboys batting - Pitching for Albuquerque Isotopes : RHP Francisco Álvarez
|
Now in LF: A.J. Major
|
|
Batting: RHB Mario Sánchez
|
0-0: Ground out 4-3 (Groundball, 4)
|
Batting: RHB César Rodríguez
|
0-0: Called Strike 0-1: Ball 1-1: Fly out, F8 (Flyball, 8RS)
|
Batting: LHB Del Kennedy
|
0-0: Ball 1-0: Called Strike 1-1: Foul Ball, location: 2F 1-2: Ball 2-2: Strikes out swinging
|
Top of the 8th over - 0 run(s), 0 hit(s), 0 error(s), 0 left on base; Calgary 0 - Albuquerque 14 |
BOTTOM OF THE 8TH |
Albuquerque Isotopes batting - Pitching for Calgary Cowboys : RHP Pedro Leal
|
Batting: RHB Brett Bell
|
0-0: Ball 1-0: Ball 2-0: Called Strike 2-1: Ball 3-1: Swinging Strike 3-2: Strikes out looking
|
Batting: RHB Jesse McKnight
|
0-0: Ball 1-0: Ground out 5-3 (Groundball, 56)
|
Batting: LHB Pedro Cruz
|
0-0: Called Strike 0-1: Ball 1-1: Swinging Strike 1-2: Strikes out swinging
|
Bottom of the 8th over - 0 run(s), 0 hit(s), 0 error(s), 0 left on base; Calgary 0 - Albuquerque 14 |
TOP OF THE 9TH |
Calgary Cowboys batting - Pitching for Albuquerque Isotopes : RHP Francisco Álvarez
|
Pitching: RHP Xavier Castańera
|
|
Now at 2B: Raúl Bauza
|
|
Now at SS: Luis Martínez
|
|
Batting: RHB Tom Rowe
|
0-0: Ball 1-0: Fly out, F8 (Flyball, 8RM)
|
Batting: RHB Travis Colbert
|
0-0: Called Strike 0-1: SINGLE (Line Drive, 34D)
|
Batting: LHB Miguel Pérez
|
0-0: Ball 1-0: Ball 2-0: Foul Ball, location: 2F 2-1: Fly out, F7 (Line Drive, 7S)
|
Batting: RHB Jorge Balencia
|
0-0: Called Strike 0-1: Foul Ball, location: 2F 0-2: Fly out, F7 (Flyball, 78M)
|
Top of the 9th over - 0 run(s), 1 hit(s), 0 error(s), 1 left on base; Calgary 0 - Albuquerque 14 |
|